AoeStats
← Dejá

Arabian Desert

509691907Analyzed
1v1 RM · 3d ago on Sep 27, 2026· 36m 12s· 2 players
Game mode
Random Map
Map size
Tiny (2 player)
Population
200
Speed
Normal
Resources
Standard
Victory
Conquest
Starting age
Dark Age
Ending age
Imperial Age
RankedLock teamsTeams togetherTeam positionsShared explorationLock speedFull tech treeHidden civsTurbo modeCheats
Victory
Defeat
🇷🇺 Slavs · Russia
1166
+16
🇦🇷 Italians · Argentina
1160
-16
Dejá
6:35 Loom
8:56 Feudal Age
10:07 Double-Bit Axe
12:24 Fletching
29:03 Castle Age
28:40 Horse Collar
29:16 Crossbowman
29:52 Gold Mining
30:24 Bodkin Arrow
14
7:35 Loom
10:25 Feudal Age
10:28 Man-at-Arms
11:04 Double-Bit Axe
27:09 Castle Age
28:09 Bloodlines
27:21 Light Cavalry
27:27 Light Cavalry
28:07 Husbandry
29:12 Scale Barding Armor
29:17 Forging
35:02 Chain Barding Armor
34:58 Bow Saw
Connection lost

Rejoining the realm…

Still unreachable

The connection could not be restored.

Session expired

The server has moved on; the page needs a fresh start.